 Dungeon Crawl Stone Soup version 0.31-a0-859-g9dce7d3444 (webtiles) character file.

Game seed: 11890306520522359312

3373 Gladio the Carver (level 10, -1/76 HPs)
             Began as a Merfolk Gladiator on Oct 10, 2023.
             Was an Initiate of Qazlal.
             Slain by a +1 broad axe of freezing (4 damage)
             ... created by the rancor of the Wu Jian Council
             ... on level 7 of the Dungeon.
             The game lasted 00:18:42 (8589 turns).

Gladio the Carver (Merfolk Gladiator)               Turns: 8589, Time: 00:18:43

Health: -1/76      AC:  7    Str: 14    XL:     10   Next: 3%
Magic:  12/12      EV: 16    Int:  7    God:    Qazlal [......]
Gold:   530        SH:  0    Dex: 21    Spells: 9/9 levels left

rFire   . . .        a - +1 long sword
rCold   . . .        (no shield)
rNeg    . . .        f - +0 ring mail
rPois   .            l - +1 helmet
rElec   .            t - +0 cloak
rCorr   .            r - +0 pair of gloves
SInv    .            c - +0 pair of boots
Will    .....        (no amulet)
Stlth   +            (no ring)
HPRegen 0.32/turn    (no ring)
MPRegen 0.13/turn

%: no passive effects
@: about to teleport, weak-willed, corroded, slowed, very slow
A: (nimble swimmer 2), mertail
a: Renounce Religion


You were on level 7 of the Dungeon.
You worshipped Qazlal.
Qazlal was noncommittal.
You visited 2 branches of the dungeon, and saw 8 of its levels.
You also visited: Ossuary.

You collected 530 gold pieces.

Inventory:

Hand Weapons
 a - a +1 long sword (weapon)
 i - a +2 dagger of venom
Missiles
 e - a javelin
 j - 2 throwing nets
 n - 2 poisoned darts
Armour
 b - a +0 leather armour
 c - a +0 pair of boots (worn)
 f - a +0 ring mail (worn)
 k - a +0 helmet
 l - a +1 helmet (worn)
 m - a scarf of shadows
 r - a +0 pair of gloves (worn)
 t - a +0 cloak (worn)
Wands
 y - a wand of digging (2)
 E - a wand of polymorph (11)
 G - a wand of roots (10)
Scrolls
 d - a scroll of immolation {unknown}
 h - 3 scrolls of amnesia
 o - a scroll of torment
 q - a scroll of vulnerability
 s - a scroll of fear
 v - a scroll of poison {unknown}
 B - 3 scrolls of teleportation
 F - a scroll of enchant weapon
Potions
 g - 5 potions of degeneration
 p - 3 potions of lignification
 u - 2 potions of attraction
 w - a potion of mutation {unknown}
 x - 2 potions of magic
 z - 2 potions of might
 A - 4 potions of curing
 C - a potion of cancellation {unknown}
 D - 2 potions of invisibility


   Skills:
 + Level 6.3 Fighting
 * Level 12.0 Long Blades
 - Level 2.0 Throwing
 + Level 3.9 Armour
 + Level 8.2 Dodging
 + Level 3.0 Invocations


You had 9 spell levels left.
You didn't know any spells.
Your spell library contained the following spells:

 Spells                   Type           Power      Damage    Failure   Level
 Ensorcelled Hibernation  Hex/Ice        0%         N/A       80%         2
 Jinxbite                 Hex            0%         N/A       80%         2
 Anguish                  Hex/Necr       0%         N/A       100%        4


Dungeon Overview and Level Annotations

Branches:
Dungeon (7/15)             Temple (1/1) D:6         Ossuary (visited)

Altars:
Ashenzari
Cheibriados
Dithmenos
Elyvilon
Fedhas
Gozag
Hepliaklqana
Kikubaaqudgha
Makhleb
Nemelex Xobeh
Okawaru
Qazlal
Ru
Sif Muna
Trog
Uskayaw
Vehumet
Wu Jian
Yredelemnul
Zin
The Shining One

Shops:
D:5 :   D:7 :

Annotations:
D:4 2 transporters, Grinder; Heedrag's ghost, amateur DsSh
Abyss:1 Duvessa


Innate Abilities, Weirdness & Mutations

((You are very nimble when in or above water. (Stealth+, EV+, Speed+++)))
Your lower body shifts to a powerful aquatic tail in water.


Message History

Qazlal accepts your kill.
No target in view!
No target in view!
No target in view!
No target in view!
No target in view!
No target in view!
No target in view!
No target in view!
No target in view!
No target in view!
No target in view!
No target in view!
No target in view!
No target in view!
No target in view!
No target in view!
No target in view!
No target in view!
Nemelex Xobeh makes you draw from the deck of Punishment.
You draw a card...
You have drawn Wrath.
Sifu Xiang Ba says: Suffer, mortal!
The rancor of the Wu Jian Council corrodes you!
The divine experience drains your vigour!
You feel yourself slow down.
A +0 heavy rapier, a +1 broad axe of freezing, a +3 heavy great sword and a +1 rapier of electrocution come into view.
As you read the scroll labelled WENEOTWUCKU, it crumbles to dust.
Magic quickly surges around you.
It was a scroll of vulnerability.
Okay, then.
As you read the scroll of teleportation, it crumbles to dust.
You feel strangely unstable. The +0 heavy rapier hits you!
The +1 rapier of electrocution misses you.
The +0 heavy rapier hits you. The +1 broad axe of freezing hits you!
The +1 broad axe of freezing freezes you.
The +3 heavy great sword hits you!!
* * * LOW HITPOINT WARNING * * *
The +1 broad axe of freezing hits you!
* * * LOW HITPOINT WARNING * * *
The +1 broad axe of freezing freezes you.
You die...

.......)....##...........)
.......#..####...........#
.......#..## #.####.......
.####.#.[..# #รท# ########
.##........###.#
...............#
#...........###
#......(..### #....#<(@.#
##...#((..# #...#....# #..
###### #.


You could see 4 dancing weapons.

Vanquished Creatures
  3 yaks
  A wyvern (D:6)
  2 water moccasins (D:7)
  3 sky beasts
  2 ice beasts (D:7)
  A black bear (D:6)
  A phantom (D:5)
  A bullfrog (D:7)
  Blork the orc (D:6)
  A gnoll sergeant (D:4)
  4 scorpions (D:6)
  4 wights (D:7)
  Dowan (D:5)
  4 jellies
  4 hounds
  Crazy Yiuf (D:4)
  4 orc priests
  7 iguanas
  Jessica (D:2)
  4 orc wizards
  2 sleepcaps (D:6)
  9 mummies
  Robin (D:2)
  7 gnolls
  7 adders
  A white imp (D:6)
  2 ufetubi
  2 worms
  2 dart slugs
  11 orcs
  4 endoplasms
  3 giant cockroaches
  10 goblins
  9 hobgoblins
  8 jackals
  4 quokkas
  8 ball pythons
  13 bats
  6 frilled lizards
  3 gnoll zombies (Ossuary)
  2 hobgoblin zombies (Ossuary)
  7 kobolds
  4 kobold zombies
  An orc zombie (D:6)
  3 rats
179 creatures vanquished.

Vanquished Creatures (collateral kills)
  A centaur (D:5)
  A jelly (D:5)
  An orc priest (D:5)
  An iguana (D:5)
  An orc (D:5)
5 creatures vanquished.

Vanquished Creatures (others)
  A sky beast (D:7)
  A wight (D:7)
  A white imp (D:7)
3 creatures vanquished.

Grand Total: 187 creatures vanquished

Notes
Turn   | Place    | Note
-------+----------+-------------------------------------------
     0 | D:1      | Gladio the Merfolk Gladiator began the quest for the Orb.
     0 | D:1      | Reached XP level 1. HP: 16/16 MP: 1/1
    94 | D:1      | Reached skill level 4 in Long Blades
   165 | D:1      | Reached XP level 2. HP: 20/22 MP: 2/2
   515 | D:1      | Reached skill level 5 in Long Blades
   515 | D:1      | Reached XP level 3. HP: 24/27 MP: 3/3
   835 | D:1      | You fall into a shaft and drop 1 floor!
   846 | D:2      | Noticed Robin
   876 | D:2      | Killed Robin
  1353 | D:2      | Noticed Jessica
  1359 | D:2      | Killed Jessica
  1360 | D:2      | Reached skill level 6 in Long Blades
  1360 | D:2      | Reached XP level 4. HP: 26/33 MP: 4/4
  2145 | D:3      | Reached XP level 5. HP: 28/38 MP: 5/5
  2158 | D:3      | Reached skill level 7 in Long Blades
  2556 | D:3      | Reached XP level 6. HP: 44/44 MP: 6/6
  2791 | D:3      | Found a faded altar of an unknown god.
  2809 | D:3      | Reached skill level 8 in Long Blades
  2814 | D:3      | Prayed at the altar of an unknown god.
  2814 | D:3      | Became a worshipper of Nemelex Xobeh the Trickster
  2814 | D:3      | Reached * piety under Nemelex Xobeh
  2814 | D:3      | Received a gift from Nemelex Xobeh
  3167 | D:4      | Found a transporter.
  3183 | D:4      | Noticed Heedrag's ghost (amateur DsSh)
  3202 | D:4      | Found a transporter.
  3473 | D:4      | Reached skill level 1 in Armour
  3606 | D:4      | Reached XP level 7. HP: 51/51 MP: 7/7
  3986 | D:4      | Received a gift from Nemelex Xobeh
  4035 | D:4      | Noticed Grinder
  4035 | D:4      | Noticed Sigmund
  4047 | D:4      | Sigmund changed into Sigmund the jelly
  4047 | D:4      | Noticed Sigmund
  4051 | D:4      | Killed Sigmund the jelly
  4054 | D:4      | Grinder changed into Grinder the chaos spawn
  4054 | D:4      | Noticed Grinder
  4242 | D:4      | Reached skill level 5 in Dodging
  4265 | D:4      | Found a broken altar of Ashenzari.
  4383 | D:4      | Found a runed translucent door.
  4384 | D:4      | Noticed Crazy Yiuf
  4396 | D:4      | Killed Crazy Yiuf
  4550 | D:5      | Entered Level 5 of the Dungeon
  4602 | D:5      | Noticed Dowan
  4602 | D:5      | Noticed Duvessa
  4703 | D:5      | Found Himoaruigh's Vocational Training.
  4726 | D:5      | Identified the +2 long sword "Vilioneme" {flame, Str+2}
  4730 | D:5      | Reached skill level 9 in Long Blades
  4742 | D:5      | Reached XP level 8. HP: 19/60 MP: 8/8
  4957 | D:5      | Found a large runed translucent door.
  4958 | D:5      | Found a large runed translucent door.
  4982 | D:5      | Killed Dowan
  4998 | D:5      | Banished Duvessa
  5518 | D:5      | Found a bloodstained altar of Trog.
  5529 | D:5      | Found an opulent altar of Gozag.
  5611 | D:6      | Reached skill level 10 in Long Blades
  6211 | D:6      | Found a sand-covered staircase.
  6221 | Ossuary  | Entered an ossuary
  6259 | Ossuary  | Reached skill level 5 in Fighting
  6275 | Ossuary  | Reached XP level 9. HP: 41/68 MP: 9/9
  6379 | Ossuary  | Reached ** piety under Nemelex Xobeh
  6448 | Ossuary  | Received a gift from Nemelex Xobeh
  6813 | D:6      | Found a staircase to the Ecumenical Temple.
  6823 | Temple   | Entered the Ecumenical Temple
  6831 | Temple   | Fell from the grace of Nemelex Xobeh
  6831 | Temple   | Became a worshipper of Qazlal Stormbringer
  6900 | D:6      | Noticed Blork the orc
  6912 | D:6      | Killed Blork the orc
  7110 | D:6      | Reached skill level 11 in Long Blades
  7266 | D:6      | Reached skill level 1 in Invocations
  8102 | D:7      | Found Duoliaho's Tremendous Tomes.
  8464 | D:6      | Reached XP level 10. HP: 45/76 MP: 10/12
  8573 | D:7      | Reached skill level 12 in Long Blades
  8589 | D:7      | HP: 3/76 [+1 broad axe of freezing[the rancor of the Wu
                  | Jian Council] (12)]
  8589 | D:7      | Slain by a +1 broad axe of freezing

Illustrated notes

Levels and vault maps discovered:
D:1:      dpeg_arrival_rooms_a, layout_basic, kennysheep_minor_cross
D:2:      layout_basic, uniq_jessica, uniq_robin
D:3:      layout_basic, shapermc_ecumenical_altar_starsandcircs,
          kennysheep_generic_room_13
D:4:      layout_loops_ring, ashenzari_altar_1, gammafunk_ghost_stat_death,
          dk_noncrumbling_4, lightli_minifort, uniq_grinder,
          uniq_crazy_yiuf_cottage, uniq_sigmund
D:5:      layout_rooms, jmf_multi_god_temple2, roderic_batcave,
          nicolae_shop_vocational, uniq_duvessa
D:6:      layout_loops_cross, minmay_temple_entry_wispy,
          nicolae_ossuary_entry_giza, nicolae_fountain_basement,
          uniq_blork_the_orc
D:7:      layout_rooms, nicolae_shop_i_like_big_books, lemuel_flame_loot_1
Temple:   nicolae_temple_two_arcs

Skill      XL: |  1  2  3  4  5  6  7  8  9 10 |
---------------+-------------------------------+-----
Long Blades    | 4 5 6 7 8 9 10 11 12 | 12.0
Armour         | 1 2 3 |  3.9
Fighting       | 3 5 6 |  6.3
Dodging        | 5 6 8 |  8.2
Invocations    | 2 3 |  3.0
Throwing       | |  2.0

Action                     |  1- 3 |  4- 6 |  7- 9 | 10-12 || total
---------------------------+-------+-------+-------+-------++-------
  Melee: Long sword        |    90 |   117 |   383 |    12 ||   602
         Unarmed           |    17 |       |       |       ||    17
         Dagger            |       |    62 |       |       ||    62
         Punch             |       |     2 |     3 |       ||     5
         Tailslap          |       |       |     7 |       ||     7
  Throw: Throwing net      |       |       |     4 |       ||     4
 Invoke: Draw Destruction  |       |     1 |     6 |       ||     7
         Draw Summoning    |       |       |     2 |       ||     2
         Draw Escape       |       |       |     1 |       ||     1
  Evoke: Wand              |       |     1 |     9 |       ||    10
    Use: Potion            |       |     2 |     3 |       ||     5
         Scroll            |       |     3 |     8 |     2 ||    13
   Stab: Sleeping          |       |     1 |     1 |       ||     2
         Held in net/web   |       |       |     1 |       ||     1
 Armour: Ring mail         |    38 |    84 |   251 |    10 ||   383
         Leather armour    |     1 |       |       |       ||     1
         Skin              |     7 |       |       |       ||     7
  Dodge: Dodged            |    72 |    92 |   280 |    15 ||   459

Table legend: (Time is in decaauts)
 A = Elapsed time spent in this place.
 B = Non-inter-level travel time spent in this place.
 C = Inter-level travel time spent in this place.
 D = Time resting spent in this place.
 E = Time spent auto-exploring this place.
 F = Levels seen in this place.
 G = Mean time per level.
                   A        B        C        D        E       F      G
               +--------+--------+--------+--------+--------+-----+--------+
         Total |   8502 |   8067 |    435 |     81 |   6400 |   9 |  944.7 |
       Dungeon |   8121 |   7700 |    421 |     81 |   6135 |   7 | 1160.1 |
        Temple |     16 |      2 |     14 |      0 |      0 |   1 |   16.0 |
       Ossuary |    364 |    364 |      0 |      0 |    265 |   1 |  364.0 |
               +--------+--------+--------+--------+--------+-----+--------+

Top non-repeatable levels by time:
     D:6: 1415 daAuts
     D:4: 1364 daAuts
     D:7: 1196 daAuts
     D:1: 1183 daAuts
     D:3: 1097 daAuts
     D:5: 992 daAuts
     D:2: 872 daAuts
 Ossuary: 364 daAuts
  Temple: 16 daAuts
